 Dungeon Crawl Stone Soup version 0.26.1-11-gd32895ea62 (webtiles) character file.

Game seed: 7517494996030625483

25 Majorwet the Caller (level 2, -8/12 HPs)
             Began as a Felid Summoner on June 30, 2021.
             Mangled by a worm (11 damage)
             ... on level 2 of the Dungeon.
             The game lasted 00:08:50 (1591 turns).

Majorwet the Caller (Felid Summoner)                Turns: 1591, Time: 00:08:50

Health: -8/12      AC:  1    Str:  4    XL:     2   Next: 86%
Magic:  2/6        EV: 18    Int: 16    God:
Gold:   41         SH:  0    Dex: 16    Spells: 4/5 levels left
                                        Lives:  0   Deaths: 0

rFire    . . .     SeeInvis +   (weapon unavailable)
rCold    . . .     Faith    .   (shield unavailable)
rNeg     . . .     Spirit   .   (armour unavailable)
rPois    .         Reflect  .   (helmet unavailable)
rElec    .         Harm     .   (cloak unavailable)
rCorr    .         Rampage  .   (gloves unavailable)
Will     .....                  (boots unavailable)
Stlth    +++.......             g - amulet of the acrobat
HPRegen  0.04/turn              (no ring)
MPRegen  0.10/turn              (no ring)

@: quick
A: very small, no armour, no weapons or thrown items, stealth, claws 1, fangs 3,
see invisible, speed 1, shaggy fur 1, sharp paws
a: no special abilities


You were on level 2 of the Dungeon.
You visited 1 branch of the dungeon, and saw 2 of its levels.

You collected 41 gold pieces.

Inventory:

Jewellery
 g - an amulet of the acrobat (around neck)
Scrolls
 a - 2 scrolls of identify {unknown}
 b - a scroll of amnesia {unknown}
 d - a scroll of random uselessness {unknown}
 e - a scroll of enchant armour {unknown}
 f - 2 scrolls of immolation {unknown}
Potions
 c - a potion of curing {unknown}


   Skills:
 * Level 1.0 Fighting
 + Level 2.8 Dodging
 + Level 3.4 Stealth
 + Level 0.4 Unarmed Combat
 + Level 2.2 Spellcasting
 + Level 4.1 Summonings


You had 4 spell levels left.
You knew the following spells:

 Your Spells              Type           Power        Failure   Level
a - Summon Small Mammal   Summ           60%          3%          1

Your spell library contained the following spells:

 Spells                   Type           Power        Failure   Level
 Call Imp                 Summ           15%          5%          2
 Call Canine Familiar     Summ           15%          11%         3
 Summon Guardian Golem    Hex/Summ       8%           26%         3
 Summon Ice Beast         Ice/Summ       8%           65%         4
 Summon Lightning Spire   Summ/Air       8%           65%         4


Dungeon Overview and Level Annotations

Branches:
Dungeon (2/15)

Altars:


Innate Abilities, Weirdness & Mutations

You cannot wear armour.
You are incapable of wielding weapons or throwing items.
Your paws allow you to move quietly. (Stealth)
You have sharp claws.
You have razor-sharp teeth.
You have supernaturally acute eyesight. (SInv)
You cover ground quickly.
You are covered in fur. (AC +1)
Your sharp claws are effective at attacking unaware monsters.


Message History

The worm bites your rat.
Your rat bites the worm.
Your rat bites the worm.
The worm closely misses your rat.
Your rat bites the worm but does no damage.
The worm barely misses your rat.
Your rat bites the worm.
Your rat bites the worm.
The worm bites your rat.
Your rat dies!
Your rat's corpse disappears in a puff of smoke!
You barely miss the worm.
The worm is heavily wounded.
You scratch the worm but do no damage.
The worm is heavily wounded.
The worm bites you!
Ouch! That really hurt!
* * * LOW HITPOINT WARNING * * *
You barely miss the worm.
The worm is moderately wounded.
The worm bites you!
Ouch! That really hurt!
You die...

..?..$#######
r...........#
......#####.#
..... #.#
.... #.# ...
#.# ## #.#
#w# ####@#
#<##.# #.##.#
#.##.#
#.##.#######
#.##.......#
#.########.#
#......# #.#
######.# #.#


You could see a worm.

Vanquished Creatures
  A dart slug (D:1)
  A leopard gecko (D:1)
  3 bats
  A giant cockroach (D:1)
  4 goblins (D:1)
  A kobold (D:1)
  A frilled lizard (D:1)
  3 rats (D:1)
15 creatures vanquished.

Vanquished Creatures (collateral kills)
  A gnoll (D:1)
  3 jackals (D:1)
4 creatures vanquished.

Vanquished Creatures (others)
  A fungus (D:1)
1 creature vanquished.

Grand Total: 20 creatures vanquished

Notes
Turn   | Place    | Note
-------+----------+-------------------------------------------
     0 | D:1      | Majorwet the Felid Summoner began the quest for the Orb.
     0 | D:1      | Reached XP level 1. HP: 7/7 MP: 4/4
   623 | D:1      | Reached XP level 2. HP: 12/12 MP: 6/6
  1386 | D:1      | Reached skill level 1 in Fighting
  1591 | D:2      | Mangled by a worm

Illustrated notes

Levels and vault maps discovered:
D:1:      wander_arrival_fairy_ring, layout_basic
D:2:      layout_basic, xom_teletrap_fun

Skill      XL: |  1  2 |
---------------+-------+-----
Stealth        | 3 |  3.4
Fighting       | 1 |  1.0
Dodging        | |  2.8
Unarmed Combat | |  0.4
Spellcasting   | |  2.2
Summonings     | |  4.1

Action                   || total
-------------------------++-------
Melee: Unarmed           ||    48
       Bite              ||     4
 Cast: Summon Small Mamm ||    28
 Stab: Sleeping          ||     9
Armor: Skin              ||     7
Dodge: Dodged            ||    35
